 Dungeon Crawl Stone Soup version 0.27-a0-1189-gb8eb6cee8e (webtiles) character file.

Game seed: 16962188623213730846

4478 senseless the Magus (level 10, -4/79 HPs)
             Began as a Demonspawn Monk on May 21, 2021.
             Was an Elder of Nemelex Xobeh.
             Slain by a red ugly thing (11 damage)
             ... on level 9 of the Dungeon on May 22, 2021.
             The game lasted 00:26:46 (8723 turns).

senseless the Magus (Demonspawn Monk)               Turns: 8723, Time: 00:26:47

Health: -4/79      AC: 10    Str: 15    XL:     10   Next: 15%
Magic:  16/17      EV: 15    Int: 11    God:    Nemelex Xobeh [****..]
Gold:   454        SH:  0    Dex: 16    Spells: 9/9 levels left

rFire    + . .     SeeInvis .     - Unarmed
rCold    . . .     Faith    .   (no shield)
rNeg     . . .     Spirit   .   B - +0 steam dragon scales
rPois    .         Reflect  .   (helmet restricted)
rElec    .         Harm     .   f - scarf {repulsion}
rCorr    .         Rampage  .   (no gloves)
Will     .....                  p - +2 pair of boots
Stlth    +++.......             (no amulet)
HPRegen  0.23/turn              q - ring of protection from fire
MPRegen  0.15/turn              (no ring)

@: repel missiles
A: antennae 2, demonic guardian 1, foul stench 1, sharp scales 2
a: Renounce Religion, Draw Escape, Draw Destruction, Draw Summoning, Triple
Draw, Deal Four


You were on level 9 of the Dungeon.
You worshipped Nemelex Xobeh.
Nemelex Xobeh was greatly pleased with you.
You visited 1 branch of the dungeon, and saw 9 of its levels.

You collected 454 gold pieces.

Inventory:

Hand Weapons
 t - a +2 flail of venom
 u - a +2 spear of venom
 A - a +1 dagger of venom
 C - a +3 falchion
Missiles
 w - 3 atropa-tipped darts (quivered)
Armour
 a - a +0 robe
 b - a +3 leather armour
 f - a scarf of repulsion (worn)
 k - a scarf of shadows
 p - a +2 pair of boots (worn)
 r - a +2 ring mail of fire resistance
 y - a +1 animal skin
 B - +0 steam dragon scales (worn)
Jewellery
 j - a ring of ice
 m - a ring of magical power
 q - a ring of protection from fire (left hand)
 s - a ring of fire
Wands
 x - a wand of flame (18)
Scrolls
 c - 3 scrolls of fear
 i - 2 scrolls of enchant weapon
 v - a scroll of magic mapping
 z - 4 scrolls of teleportation
Potions
 d - a potion of ambrosia
 e - 4 potions of curing
 g - a potion of berserk rage
 h - a potion of flight
 l - a potion of magic {unknown}
 n - a potion of mutation {unknown}
 o - a potion of heal wounds {unknown}
 D - a potion of lignification {unknown}


   Skills:
 * Level 7.4 Fighting
 + Level 5.8 Dodging
 + Level 6.0 Stealth
 + Level 7.3 Unarmed Combat
 * Level 9.5 Invocations


You had 9 spell levels left.
You didn't know any spells.
Your spell library contained the following spells:

 Spells                   Type           Power      Damage    Failure   Level
 Animate Skeleton         Necr           0%         N/A       34%         1
 Corona                   Hex            0%         N/A       34%         1
 Foxfire                  Conj/Fire      0%         2x1d4     34%         1
 Shock                    Conj/Air       0%         1d3       34%         1
 Corpse Rot               Necr/Air       N/A        N/A       47%         2
 Ensorcelled Hibernation  Hex/Ice        0%         N/A       47%         2
 Static Discharge         Conj/Air       0%         N/A       47%         2
 Conjure Flame            Conj/Fire      0%         6-21      71%         3
 Inner Flame              Hex/Fire       0%         N/A       71%         3
 Portal Projectile        Hex/Tloc       0%         N/A       71%         3
 Swiftness                Air            0%         N/A       71%         3
 Airstrike                Air            0%         N/A       98%         4
 Sticky Flame             Conj/Fire      0%         2d3       98%         4
 Fireball                 Conj/Fire      0%         3d3       100%        5
 Lightning Bolt           Conj/Air       0%         1d11      100%        5
 Silence                  Hex/Air        0%         N/A       100%        5
 Simulacrum               Ice/Necr       0%         N/A       100%        6


Dungeon Overview and Level Annotations

Branches:
Dungeon (9/15)             Temple (0/1) D:7
   Lair: D:8-11         Orc: D:9-12

Altars:
Kikubaaqudgha
Nemelex Xobeh
Ru
Sif Muna
Trog
Vehumet
Wu Jian
Zin
The Shining One

Annotations:
D:9 2 runed translucent doors, 2 transporters, exclusion: orange crystal statue, Cralpanu's ghost, journeyman HOGl


Innate Abilities, Weirdness & Mutations

You have a pair of antennae on your head.
A weak demonic guardian rushes to your aid.
You may rarely emit foul miasma when damaged in melee.
You are mostly covered in razor-sharp scales. (AC +2, Slay +2)


Message History

You draw a card...
You have drawn the Storm.
A mighty gale blasts forth from the card!
The deep elf pyromancer and the red ugly thing are blown away by the wind.
The electrical discharge engulfs the deep elf pyromancer!
The deep elf pyromancer is heavily wounded.
The electrical discharge engulfs the deep elf pyromancer!!
You kill the deep elf pyromancer!
The fire elemental disappears in a puff of smoke! x2
The electrical discharge engulfs the red ugly thing!
The red ugly thing is severely wounded.
You hear violent peals of thunder!
You hear a shout!
Your Stealth skill increases to level 6!
Aiming: Throw Flame
Press: ? - help, Shift-Dir - straight line, f - red ugly thing
Aim: a red ugly thing (severely wounded, 68% to hit)
The puff of flame hits the red ugly thing.
The red ugly thing completely resists.
The red ugly thing is severely wounded.
The red ugly thing headbutts you.
* * * LOW HITPOINT WARNING * * *
A demonic guardian appears!
You are engulfed in flames.
You resist.
* * * LOW HITPOINT WARNING * * *
You feel better. The red ugly thing closely misses you.
Your shadow imp hits the red ugly thing.
You hit the red ugly thing.
The red ugly thing is severely wounded.
The red ugly thing misses you.
You hit the red ugly thing.
The red ugly thing is severely wounded.
Your shadow imp closely misses the red ugly thing.
The red ugly thing closely misses you.
You punch the red ugly thing!
The red ugly thing is almost dead.
Your shadow imp barely misses the red ugly thing.
The red ugly thing headbutts you!
* * * LOW HITPOINT WARNING * * *
You are engulfed in flames!
You resist.
You die...
Your body glows slightly and disappears.

##### # .... # #.
... .. #.######..
#... #........
○°.....
#.......####.....#
#.......'#@u..)..'
#.......####5....#
#.....##### ☼....#
#.....'...# ...#
##....###.# ###
####### ###### #.#
#.....# #.#
#.....# #.#
#.....## #.#
#####.......


You could see a red ugly thing (ally target) and a friendly shadow imp
(summoned).

Vanquished Creatures
  A deep elf pyromancer (D:9)
  A smoke demon (D:4)
  A shadow (D:8)
  6 yaks (D:9)
  2 steam dragons
  Grum (D:8)
  Menkaure (D:5)
  A water moccasin (D:7)
  A hornet zombie (D:7)
  An ice beast (D:7)
  A black bear (D:4)
  4 wolves (D:8)
  A phantom (D:7)
  A kobold brigand (D:7)
  3 bullfrogs
  A scorpion (D:5)
  Dowan (D:7)
  3 wights (D:9)
  2 howler monkeys
  A centaur zombie (D:8)
  3 hounds
  A jelly (D:7)
  6 orc priests
  Jessica (D:3)
  An iguana (D:6)
  8 orc wizards
  2 gnolls
  A river rat (D:9)
  6 adders
  A white imp (D:6)
  An adder skeleton (D:4)
  5 dart slugs
  19 orcs
  14 endoplasms
  4 giant cockroaches
  11 goblins
  3 hobgoblins (D:1)
  4 jackals (D:1)
  7 quokkas
  5 ball pythons
  6 bats
  A frilled lizard (D:2)
  8 kobolds
  4 rats
156 creatures vanquished.

Vanquished Creatures (collateral kills)
  A gnoll sergeant (D:6)
  A hound (D:6)
  A gnoll shaman (D:5)
  An orc wizard (D:6)
  5 gnolls
  An orc (D:6)
10 creatures vanquished.

Vanquished Creatures (others)
  A bullfrog (D:8)
  A rat (D:9)
2 creatures vanquished.

Grand Total: 168 creatures vanquished

Notes
Turn   | Place    | Note
-------+----------+-------------------------------------------
     0 | D:1      | senseless the Demonspawn Monk began the quest for the Orb.
     0 | D:1      | Reached XP level 1. HP: 18/18 MP: 1/1
   122 | D:1      | Gained mutation: You are partially covered in razor-sharp
                  | scales. (AC +1, Slay +1) [demonic ancestry]
   122 | D:1      | Reached XP level 2. HP: 11/24 MP: 2/2
   538 | D:1      | Reached XP level 3. HP: 21/29 MP: 3/3
   642 | D:1      | Found a faded altar of an unknown god.
   647 | D:1      | Became a worshipper of Nemelex Xobeh the Trickster
   647 | D:1      | Reached * piety under Nemelex Xobeh
   647 | D:1      | Received a gift from Nemelex Xobeh
   647 | D:1      | Reached ** piety under Nemelex Xobeh
   823 | D:1      | Reached *** piety under Nemelex Xobeh
  1156 | D:2      | Received a gift from Nemelex Xobeh
  1496 | D:2      | Reached skill level 1 in Invocations
  1726 | D:2      | Received a gift from Nemelex Xobeh
  2216 | D:3      | Gained mutation: You have a pair of small antennae on your
                  | head. [demonic ancestry]
  2216 | D:3      | Reached XP level 4. HP: 35/35 MP: 4/4
  2341 | D:3      | Gained mutation: You are mostly covered in razor-sharp
                  | scales. (AC +2, Slay +2) [demonic ancestry]
  2341 | D:3      | Reached XP level 5. HP: 11/41 MP: 4/6
  2749 | D:3      | Noticed Jessica
  2754 | D:3      | Killed Jessica
  2755 | D:3      | Reached skill level 2 in Invocations
  2793 | D:3      | Received a gift from Nemelex Xobeh
  2832 | D:3      | You fall into a shaft and drop 3 floors!
  2832 | D:6      | Found a sacrificial altar of Ru.
  2832 | D:6      | Found a sparkling altar of Nemelex Xobeh.
  2884 | D:5      | Entered Level 5 of the Dungeon
  2930 | D:5      | Noticed Menkaure
  2936 | D:5      | Killed Menkaure
  2937 | D:5      | Reached skill level 3 in Invocations
  2937 | D:5      | Gained mutation: You have a pair of antennae on your head.
                  | [demonic ancestry]
  2937 | D:5      | Reached XP level 6. HP: 30/47 MP: 4/8
  3065 | D:5      | Reached skill level 5 in Unarmed Combat
  3609 | D:5      | Reached XP level 7. HP: 40/52 MP: 9/9
  3700 | D:5      | Received a gift from Nemelex Xobeh
  3882 | D:4      | Noticed Grinder
  3895 | D:4      | Paralysed by Grinder for 2 turns
  3903 | D:4      | Noticed Grinder
  3903 | D:4      | Grinder changed into Grinder the tormentor
  3909 | D:4      | Noticed Grinder
  3909 | D:4      | Grinder the tormentor changed into Grinder the smoke demon
  3910 | D:4      | Killed Grinder the smoke demon
  3911 | D:4      | Reached skill level 4 in Invocations
  4442 | D:4      | Reached **** piety under Nemelex Xobeh
  4618 | D:4      | Reached skill level 5 in Invocations
  4618 | D:4      | Gained mutation: You may rarely emit foul miasma when
                  | damaged in melee. [demonic ancestry]
  4618 | D:4      | Reached XP level 8. HP: 60/60 MP: 11/11
  4641 | D:4      | Received a gift from Nemelex Xobeh
  4869 | D:5      | Identified the Catalogue of the Oath and Unholy Secrets
  5003 | D:5      | Received a gift from Nemelex Xobeh
  5679 | D:6      | Found a bloodstained altar of Trog.
  6066 | D:7      | Noticed Duvessa
  6066 | D:7      | Noticed Dowan
  6067 | D:7      | Killed Dowan
  6069 | D:7      | Noticed Duvessa
  6069 | D:7      | Duvessa changed into Duvessa the water moccasin
  6079 | D:7      | Killed Duvessa the water moccasin
  6080 | D:7      | Reached skill level 6 in Invocations
  6104 | D:7      | Reached skill level 5 in Fighting
  6401 | D:7      | Received a gift from Nemelex Xobeh
  6437 | D:7      | Reached skill level 7 in Invocations
  6548 | D:7      | Found a shimmering blue altar of Sif Muna.
  6556 | D:7      | Reached XP level 9. HP: 65/68 MP: 14/14
  6573 | D:7      | Found an ancient bone altar of Kikubaaqudgha.
  6586 | D:7      | Found a radiant altar of Vehumet.
  6744 | D:7      | Found an ornate altar of the Wu Jian Council.
  6866 | D:7      | Found a staircase to the Ecumenical Temple.
  7042 | D:8      | Reached skill level 5 in Dodging
  7053 | D:8      | Noticed Grum
  7066 | D:8      | Killed Grum
  7067 | D:8      | Reached skill level 5 in Stealth
  7546 | D:8      | Reached skill level 8 in Invocations
  7735 | D:8      | Received a gift from Nemelex Xobeh
  8273 | D:9      | Found a runed translucent door.
  8295 | D:9      | Found the +10 tower shield of Ignorance {rN+ Int-4}
  8344 | D:9      | Found a transporter.
  8348 | D:9      | Noticed Cralpanu's ghost (journeyman HOGl)
  8352 | D:9      | Found a runed translucent door.
  8368 | D:9      | Upgraded the game from 0.27-a0-1188-g73eefd5def to
                  | 0.27-a0-1189-gb8eb6cee8e
  8377 | D:9      | Reached skill level 9 in Invocations
  8377 | D:9      | Gained mutation: A weak demonic guardian rushes to your
                  | aid. [demonic ancestry]
  8377 | D:9      | Reached XP level 10. HP: 66/79 MP: 2/16
  8473 | D:9      | Noticed an orange crystal statue
  8648 | D:9      | Found a transporter.
  8668 | D:9      | Received a gift from Nemelex Xobeh
  8700 | D:9      | Noticed a deep elf pyromancer
  8703 | D:9      | Noticed a red ugly thing
  8718 | D:9      | Killed a deep elf pyromancer
  8723 | D:9      | Slain by a red ugly thing

Illustrated notes

Levels and vault maps discovered:
D:1:      ncdulo_halloftheorcs, layout_rooms, serial_glass, glass_columns_c,
          glass_columns_b, glass_columns_b, glass_columns_c, glass_columns_c,
          glass_columns_c, glass_columns_c, glass_columns_a, glass_columns_b,
          glass_columns_a, glass_columns_c, glass_columns_c, glass_columns_a,
          glass_columns_b, ebering_ecumenical_altar_mist
D:2:      layout_loops_ring
D:3:      layout_loops_ring, uniq_jessica
D:4:      layout_basic, uniq_grinder
D:5:      layout_cave_pools, uniq_menkaure
D:6:      minmay_general_purpose_star, layout_basic,
          gammafunk_temple_overflow_forgotten, grunt_temple_overflow_open
D:7:      layout_cave_pools, palyth_temple_overflow_mages,
          kennysheep_little_box, minmay_temple_entry_nine_rooms, uniq_duvessa
D:8:      layout_loops_ring, lemuel_flame_loot_1, uniq_grum
D:9:      layout_basic, gammafunk_ghost_stat_death,
          chequers_guarded_unrand_ignorance, uniq_pikel, uniq_erolcha

Skill      XL: |  1  2  3  4  5  6  7  8  9 10 |
---------------+-------------------------------+-----
Dodging        | 3 4 5 |  5.8
Unarmed Combat | 3 4 5 6 7 |  7.3
Stealth        | 2 3 4 5 6 |  6.0
Invocations    | 1 3 5 7 9 |  9.5
Fighting       | 4 5 7 |  7.4

Action                   |  1- 3 |  4- 6 |  7- 9 | 10-12 || total
-------------------------+-------+-------+-------+-------++-------
Melee: Unarmed           |   147 |    85 |   259 |    30 ||   521
       Punch             |     3 |     3 |     7 |     2 ||    15
Invok: Draw Destruction  |     2 |     9 |    16 |     1 ||    28
       Draw Escape       |       |     2 |     3 |     1 ||     6
       Triple Draw       |       |     1 |       |       ||     1
       Draw Summoning    |       |       |     1 |       ||     1
       Deal Four         |       |       |     5 |       ||     5
Evoke: Wand              |       |       |     5 |     1 ||     6
  Use: Scroll            |     5 |       |    12 |       ||    17
       Potion            |       |       |       |     1 ||     1
 Stab: Sleeping          |     4 |     2 |    13 |       ||    19
Armor: Robe              |    26 |    19 |    16 |       ||    61
       Leather armour    |       |       |    60 |       ||    60
       Steam dragon scal |       |       |     5 |     6 ||    11
Dodge: Dodged            |    83 |    49 |   135 |    15 ||   282
       Repelled          |       |       |     2 |       ||     2

Table legend: (Time is in decaauts)
 A = Elapsed time spent in this place.
 B = Non-inter-level travel time spent in this place.
 C = Inter-level travel time spent in this place.
 D = Time resting spent in this place.
 E = Time spent auto-exploring this place.
 F = Levels seen in this place.
 G = Mean time per level.
                   A        B        C        D        E       F      G
               +--------+--------+--------+--------+--------+-----+--------+
         Total |   8674 |   8460 |    214 |    841 |   6322 |   9 |  963.8 |
       Dungeon |   8674 |   8460 |    214 |    841 |   6322 |   9 |  963.8 |
               +--------+--------+--------+--------+--------+-----+--------+

Top non-repeatable levels by time:
     D:8: 1250 daAuts
     D:5: 1139 daAuts
     D:1: 1080 daAuts
     D:3: 1004 daAuts
     D:6: 986 daAuts
     D:2: 969 daAuts
     D:7: 938 daAuts
     D:4: 862 daAuts
     D:9: 443 daAuts
